 Dungeon Crawl Stone Soup version 0.19.1 (webtiles) character file.

230 kae the Cudgeler (level 6, -2/47 HPs)
             Began as a Formicid Fighter on Dec 3, 2016.
             Slain by Blork the orc
             ... wielding a cursed -3 dire flail
              (13 damage)
             ... on level 4 of the Dungeon.
             The game lasted 00:02:31 (2256 turns).

kae the Cudgeler (Formicid Fighter)                 Turns: 2256, Time: 00:02:32

Health: -2/47      AC:  6    Str: 23    XL:     6   Next: 24%
Magic:  6/6        EV:  8    Int:  7    God:
Gold:   140        SH: 10    Dex: 10    Spells: 0 memorised, 5 levels left

rFire  . . .     SeeInvis +     o - -1 mace (curse)
rCold  . . .     Gourm    .     b - +0 scale mail
rNeg   . . .     Faith    .     c - +0 shield
rPois  +         Spirit   .     (helmet unavailable)
rElec  .         Reflect  .     (no cloak)
rCorr  .         Harm     +     (no gloves)
MR     .....                    (no boots)
Stlth  ..........               j - amulet of harm
                                (no ring)
                                l - ring of poison resistance

@: no status effects
A: permanent stasis, dig shafts and tunnels, four strong arms, antennae 3
a: Dig, Shaft Self


You were on level 4 of the Dungeon.
You were not hungry.

You visited 1 branch of the dungeon, and saw 4 of its levels.

You collected 140 gold pieces.

Inventory:

Hand Weapons
 a - a +0 flail
 o - a cursed -1 mace (weapon)
Armour
 b - a +0 scale mail (worn)
 c - a +0 shield (worn)
Jewellery
 j - an amulet of harm (around neck)
 l - a ring of poison resistance (left hand)
Scrolls
 e - 3 scrolls of magic mapping
 k - a scroll of noise
 s - a scroll of fear
Potions
 d - 2 potions of might
 g - 3 potions of brilliance
 h - a potion of haste
 i - 2 potions of curing
 m - a potion of ambrosia {unknown}
 n - 2 potions of degeneration {unknown}
 p - a potion of cure mutation {unknown}
 r - a potion of lignification {unknown}
 t - 2 potions of flight {unknown}
Comestibles
 f - 3 bread rations
 q - 2 meat rations


   Skills:
 - Level 3.2 Fighting
 * Level 5.3 Maces & Flails
 - Level 3.2 Armour
 + Level 5.0 Shields


You had 5 spell levels left.
You didn't know any spells.

Dungeon Overview and Level Annotations

Branches:
Dungeon (4/15)
 Temple: D:4-7

Altars:
Ashenzari
The Shining One

Annotations:
D:4 Blork the orc


Innate Abilities, Weirdness & Mutations

You are under a permanent stasis effect.
You can dig through walls and to a lower floor.
Your four strong arms can wield two-handed weapons with a shield.
You have a pair of large antennae on your head. (SInv)


Message History

You block Blork the orc's attack.
Your shield and scale mail prevent you from hitting Blork the orc.
Blork the orc is almost dead.
You block Blork the orc's attack. Blork the orc barely misses you.
Okay, then.
You barely miss Blork the orc.
Blork the orc is almost dead.
Blork the orc closely misses you.
You barely miss Blork the orc.
Blork the orc is almost dead.
Blork the orc barely misses you.
Blork the orc looks satisfied for a moment.
It was a potion of haste.
Your stasis keeps you stable.
Blork the orc hits you but does no damage.
You block Blork the orc's attack.
It was a potion of curing.
You feel better. You block Blork the orc's attack.
You closely miss Blork the orc.
Blork the orc is almost dead.
Blork the orc hits you with a dire flail!
You die...

#.#..#.#
#.#..#.# .#
#.#....# .#
#.###..# .#
#......# .#
{ #####.##
.#
#..##.######
##.o#......$
#@#..#
#.##.# #.#
.# #.. '#
##. .. ....
..... .....


You could see Blork the orc (invisible).

Vanquished Creatures
  2 vampire bats (D:3)
  An orc priest (D:3)
  4 adders
  A dart slug (D:2)
  3 leopard geckos
  8 orcs (D:3)
  2 giant cockroaches (D:3)
  7 goblins
  6 hobgoblins
  5 jackals
  2 ball pythons (D:2)
  14 bats
  6 frilled lizards
  5 kobolds
  9 rats
75 creatures vanquished.

Notes
Turn   | Place    | Note
-------+----------+-------------------------------------------
     0 | D:1      | kae the Formicid Fighter began the quest for the Orb.
     0 | D:1      | Reached XP level 1. HP: 18/18 MP: 1/1
    98 | D:1      | Reached XP level 2. HP: 24/24 MP: 2/2
   500 | D:2      | Reached XP level 3. HP: 19/29 MP: 3/3
   797 | D:2      | Reached XP level 4. HP: 30/35 MP: 4/4
   883 | D:2      | Found a glowing golden altar of the Shining One.
  1355 | D:3      | Found a shattered altar of Ashenzari.
  1889 | D:3      | Reached XP level 5. HP: 40/41 MP: 5/5
  1927 | D:3      | Reached skill level 5 in Maces & Flails
  2011 | D:3      | Reached XP level 6. HP: 46/47 MP: 6/6
  2018 | D:3      | Reached skill level 5 in Shields
  2222 | D:4      | Noticed Blork the orc
  2246 | D:4      | HP: 1/47 [Blork the orc/dire flail (3)]
  2256 | D:4      | Slain by Blork the orc

Skill      XL: |  1  2  3  4  5  6 |
---------------+-------------------+-----
Maces & Flails | 3 4 5 |  5.3
Shields        | 4 5 |  5.0
Fighting       | |  3.2
Armour         | |  3.2

Action                   |  1- 3 |  4- 6 || total
-------------------------+-------+-------++-------
Melee: Flail             |   101 |    55 ||   156
       Mace              |       |   143 ||   143
 Abil: Dig               |       |     2 ||     2
  Use: Scroll            |     3 |     3 ||     6
       Potion            |       |     2 ||     2
  Eat: Chunk             |       |     5 ||     5
Armor: Scale mail        |    44 |    87 ||   131
Dodge: Dodged            |    23 |    74 ||    97
Block: Shield            |    59 |   116 ||   175
